 Dungeon Crawl Stone Soup version 0.31.0-32-g396128a36d (webtiles) character file.

Game seed: 9685576017885744358

65 AdnanSaban the Covered (level 4, 0/29 HPs)
             Began as a Gargoyle Fighter on Apr 11, 2024.
             Slain by a hobgoblin (2 damage)
             ... on level 2 of the Dungeon.
             The game lasted 00:02:38 (1803 turns).

AdnanSaban the Covered (Gargoyle Fighter)           Turns: 1803, Time: 00:02:39

Health: 0/29       AC: 14    Str: 21    XL:     4   Next: 14%
Magic:  4/4        EV:  8    Int:  9    God:
Gold:   161        SH:  4    Dex:  9    Spells: 3/3 levels left

rFire   . . .        a - +0 flail
rCold   . . .        c - +0 buckler
rNeg    + . .        q - +0 chain mail
rPois   ∞            (no helmet)
rElec   +            (no cloak)
rCorr   .            e - +0 pair of gloves
SInv    .            (no boots)
Will    .....        (no amulet) Stlth
                     (no ring)
HPRegen 0.24/turn    (no ring)
MPRegen 0.09/turn

%: no passive effects
@: no status effects
A: sickness immunity, AC +3, negative energy resistance 1, electricity
resistance, torment resistance 1, petrification resistance
a: no special abilities


You were on level 2 of the Dungeon.
You visited 1 branch of the dungeon, and saw 3 of its levels.

You collected 161 gold pieces.

Inventory:

Hand Weapons
 a - a +0 flail (weapon)
Missiles
 g - 6 silver javelins (quivered)
 o - 3 javelins
Armour
 c - a +0 buckler (worn)
 e - a +0 pair of gloves (worn)
 q - a +0 chain mail (worn)
Wands
 n - a wand of flame (28)
 p - a wand of paralysis (8)
Scrolls
 h - a scroll of enchant armour {unknown}
 i - 2 scrolls of identify {unknown}
 j - a scroll of acquirement {unknown}
 k - a scroll of enchant weapon {unknown}
 l - a scroll of butterflies {unknown}
Potions
 d - 3 potions of might
 f - a potion of berserk rage {unknown}
 m - a potion of curing {unknown}


   Skills:
 + Level 3.7 Fighting
 + Level 2.7 Maces & Flails
 + Level 4.1 Armour
 + Level 0.2 Dodging
 + Level 3.6 Shields


You had 3 spell levels left.
You didn't know any spells.
Your spell library was empty.

Dungeon Overview and Level Annotations

Branches:
Dungeon (3/15)

Altars:
Uskayaw

Annotations:
D:2 Terence


Innate Abilities, Weirdness & Mutations

You are immune to sickness and miasma.
Your stone body is resilient. (AC +3)
You are immune to poison.
You resist negative energy. (rN+)
You are resistant to electric shocks. (rElec)
You are resistant to unholy torment.
You are immune to petrification.


Message History

You barely miss the orc wizard. The orc barely misses you.
The orc wizard closely misses you.
The hobgoblin hits you but does no damage.
The orc closely misses you. The orc hits you but does no damage. x2
The orc wizard hits you but does no damage.
The hobgoblin closely misses you.
You hit the orc wizard but do no damage.
You block the orc wizard's attack.
The hobgoblin hits you but does no damage.
You block the orc's attack. The orc hits you but does no damage.
You sock the orc wizard!
The orc wizard is heavily wounded.
The orc wizard gestures at you while chanting.
The magic dart hits you. The hobgoblin barely misses you.
The orc hits you with a +3 dagger of venom.
The orc hits you but does no damage.
You barely miss the orc wizard.
The orc wizard is heavily wounded.
You block the orc wizard's attack. The hobgoblin closely misses you.
The orc hits you but does no damage. The orc hits you with a +0 dagger.
The orc barely misses you. The orc closely misses you.
The orc wizard gestures at you while chanting.
You resist with some effort.
The hobgoblin hits you but does no damage.
You barely miss the orc wizard.
The orc wizard is heavily wounded.
You block the orc wizard's attack. The hobgoblin hits you.
The orc barely misses you. The orc hits you but does no damage.
You closely miss the orc wizard.
The orc wizard is heavily wounded.
The orc wizard gestures at you while chanting.
The puff of flame hits you!
* * * LOW HITPOINT WARNING * * *
The hobgoblin hits you but does no damage.
You block the orc's attack. The orc closely misses you.
You closely miss the orc wizard.
The orc wizard is heavily wounded.
The orc wizard hits you but does no damage.
The hobgoblin hits you.
You die...

...........# #........###..#
###........## #............##
##........# ##+######.####
#........## #.# #.#
#.........# #.######.######
#.......#.######..............
#.......#....##...############
#.......####g##.### #########
#o@o.# ##o### #.# #.# #.# #.#
####### #.# #.....# #.#
#.....## #.#########.._...#


You could see an orc wizard, 2 orcs and a hobgoblin.

Vanquished Creatures
  Ijyb (D:3)
  An adder (D:2)
  A ribbon worm (D:2)
  4 ball pythons
  3 bats
  3 endoplasms
  A giant cockroach (D:2)
  A hobgoblin (D:1)
  4 kobolds
  4 quokkas
  3 frilled lizards
  2 rats
28 creatures vanquished.

Notes
Turn   | Place    | Note
-------+----------+-------------------------------------------
     0 | D:1      | AdnanSaban the Gargoyle Fighter began the quest for the
                  | Orb.
     0 | D:1      | Reached XP level 1. HP: 14/14 MP: 1/1
   217 | D:1      | Reached XP level 2. HP: 19/19 MP: 2/2
   729 | D:2      | Reached XP level 3. HP: 18/23 MP: 3/3
  1196 | D:2      | Found a hide-covered altar of Uskayaw.
  1374 | D:2      | Noticed Terence
  1470 | D:3      | Noticed Ijyb
  1474 | D:3      | Paralysed by Ijyb for 4 turns
  1481 | D:3      | Paralysed by Ijyb for 5 turns
  1493 | D:3      | Paralysed by Ijyb for 3 turns
  1500 | D:3      | Paralysed by Ijyb for 2 turns
  1504 | D:3      | Killed Ijyb
  1505 | D:3      | Reached skill level 4 in Armour
  1505 | D:3      | Reached XP level 4. HP: 16/29 MP: 4/4
  1803 | D:2      | Slain by a hobgoblin

Illustrated notes

Levels and vault maps discovered:
D:1:      psy_arrival_fountain, layout_basic, hex_intersection,
          bh_walls_and_bars
D:2:      layout_basic, basic_altar, kennysheep_generic_room_12, uniq_terence
D:3:      layout_loops_corners, nicolae_ecumenical_lake_church, uniq_ijyb

Skill      XL: |  1  2  3 |
---------------+----------+-----
Armour         | 4 |  4.1
Fighting       | |  3.7
Maces & Flails | |  2.7
Dodging        | |  0.2
Shields        | |  3.6

Action                     |  1- 3 |  4- 6 || total
---------------------------+-------+-------++-------
  Melee: Flail             |   101 |    16 ||   117
 Armour: Scale mail        |    79 |     1 ||    80
         Chain mail        |       |    41 ||    41
  Dodge: Dodged            |    38 |    18 ||    56
  Block: Buckler           |    16 |     9 ||    25
